 Dungeon Crawl Stone Soup version 0.31.0-1-g2c135a008e (webtiles) character file.

Game seed: 8225323582962652027

109 Peloso the Covered (level 4, -2/40 HPs)
             Began as a Minotaur Fighter on Jan 20, 2024.
             Succumbed to a water moccasin's poison
             ... on level 3 of the Dungeon.
             The game lasted 00:03:09 (1644 turns).

Peloso the Covered (Minotaur Fighter)               Turns: 1644, Time: 00:03:09

Health: -2/40      AC:  7    Str: 20 (21) XL:     4   Next: 60%
Magic:  3/3        EV:  9    Int:  2 (5)  God:
Gold:   88         SH:  4    Dex:  9 (11) Spells: 3/3 levels left

rFire   . . .        a - +0 long sword
rCold   + . .        c - +0 buckler
rNeg    + . .        b - +0 scale mail
rPois   .            (helmet restricted)
rElec   .            (no cloak)
rCorr   .            (no gloves)
SInv    .            (no boots)
Will    .....        (no amulet) Stlth
                     i - ring of protection from cold
HPRegen 0.26/turn    h - ring of positive energy
MPRegen 0.08/turn

%: no passive effects
@: lethally poisoned (-2 -> -13)
A: horns 2, retaliatory headbutt
a: no special abilities


You were on level 3 of the Dungeon.
You visited 1 branch of the dungeon, and saw 3 of its levels.

You collected 88 gold pieces.

Inventory:

Hand Weapons
 a - a +0 long sword (weapon)
Armour
 b - a +0 scale mail (worn)
 c - a +0 buckler (worn)
Jewellery
 h - a ring of positive energy (right hand)
 i - a ring of protection from cold (left hand)
Scrolls
 e - 2 scrolls of identify {unknown}
 f - a scroll of poison {unknown}
 g - a scroll of amnesia {unknown}
 m - a scroll of teleportation {unknown}
 n - a scroll of silence {unknown}
Potions
 d - 2 potions of might
 j - a potion of brilliance {unknown}
 k - a potion of invisibility
 l - a potion of degeneration


   Skills:
 + Level 4.0 Fighting
 + Level 3.8 Long Blades
 + Level 4.5 Armour
 + Level 0.5 Dodging
 + Level 0.1 Stealth
 + Level 4.5 Shields


You had 3 spell levels left.
You didn't know any spells.
Your spell library was empty.

Dungeon Overview and Level Annotations

Branches:
Dungeon (3/15)

Altars:

Shops:
D:2 [


Innate Abilities, Weirdness & Mutations

You have a pair of horns on your head.
You reflexively headbutt those who attack you in melee.


Message History

The water moccasin hisses angrily.
The water moccasin bites you. The water moccasin bites you.
You hit the water moccasin but do no damage.
The water moccasin closely misses you. x2
You barely miss the water moccasin.
The water moccasin bites you but does no damage.
You closely miss the water moccasin. You headbutt the water moccasin.
The water moccasin is lightly wounded.
The water moccasin bites you.
You are poisoned.
The water moccasin poisons you! You block the water moccasin's attack.
You hit the water moccasin.
The water moccasin is lightly wounded.
You feel very sick. You block the water moccasin's attack.
The water moccasin barely misses you.
You miss the water moccasin. You headbutt the water moccasin.
The water moccasin is moderately wounded.
You feel very sick. The water moccasin bites you.
You are lethally poisoned!
The water moccasin poisons you! The water moccasin bites you.
You miss the water moccasin.
Your headbutt misses the water moccasin.
The water moccasin is moderately wounded.
* * * LOW HITPOINT WARNING * * *
You feel very sick.
The water moccasin bites you but does no damage.
You closely miss the water moccasin.
The water moccasin is moderately wounded.
* * * LOW HITPOINT WARNING * * *
You feel very sick. The water moccasin bites you.
* * * LOW HITPOINT WARNING * * *
The water moccasin bites you.
* * * LOW HITPOINT WARNING * * *
It was a potion of degeneration.
There was something very wrong with that liquid.
You feel weakened.
You feel dopey.
You feel clumsy.
You die...

########## #########
#........# #.........
#........# #.........
#........# <.........
#........# #.........
#......S.#####.........
+.....@......).........
#........##.##.........
..........##.###<######
##........##.# #.#
###+###...... #.#
#...... #.# +.......#.#
#.......#.. ###


You could see a water moccasin.

Vanquished Creatures
  Jessica (D:2)
  Robin (D:2)
  2 adders (D:2)
  A dart slug (D:2)
  A ribbon worm (D:2)
  2 endoplasms (D:2)
  2 giant cockroaches (D:2)
  11 goblins
  8 hobgoblins
  7 kobolds
  2 quokkas
  5 bats
  2 frilled lizards
  5 rats
50 creatures vanquished.

Notes
Turn   | Place    | Note
-------+----------+-------------------------------------------
     0 | D:1      | Peloso the Minotaur Fighter began the quest for the Orb.
     0 | D:1      | Reached XP level 1. HP: 19/19 MP: 0/0
   308 | D:1      | Reached XP level 2. HP: 26/27 MP: 1/1
   723 | D:2      | Noticed Jessica
   751 | D:2      | Reached XP level 3. HP: 33/33 MP: 2/2
   778 | D:2      | Killed Jessica
   904 | D:2      | Reached XP level 4. HP: 40/40 MP: 3/3
  1034 | D:2      | Found Sieczewn's Antique Armour Emporium.
  1044 | D:2      | Noticed Robin
  1070 | D:2      | Killed Robin
  1633 | D:3      | Noticed a water moccasin
  1643 | D:3      | HP: 1/40 [water moccasin (4)]
  1644 | D:3      | Succumbed to a water moccasin's poison

Illustrated notes

Levels and vault maps discovered:
D:1:      amcnicky_arrival_blooded_trapdoor, layout_basic
D:2:      layout_basic, serial_shops, shop, minmay_crystal_water, uniq_jessica,
          uniq_robin
D:3:      layout_basic, grunt_temple_overflow_growth_and_decay,
          portal_sewer_entry_e, shapermc_ecumenical_altar_flowoftime,
          st_stairs_1, minmay_hedge_maze, minivault_19

Skill      XL: |  1  2  3  4 |
---------------+-------------+-----
Shields        | 4 |  4.5
Armour         | 4 |  4.5
Long Blades    | 3 |  3.8
Fighting       | 4 |  4.0
Dodging        | |  0.5
Stealth        | |  0.1

Action                     |  1- 3 |  4- 6 || total
---------------------------+-------+-------++-------
  Melee: Long sword        |    55 |    61 ||   116
         Headbutt          |     8 |     9 ||    17
    Use: Potion            |     5 |     1 ||     6
 Armour: Scale mail        |    52 |    48 ||   100
  Dodge: Dodged            |    35 |    24 ||    59
  Block: Buckler           |    18 |    14 ||    32
